 Dungeon Crawl Stone Soup version 0.18-a0-884-gb6cfd45 (webtiles) character file.

94 Jmtri7 the Chiller (level 4, -4/23 (25) HPs)
             Began as a Deep Elf Ice Elementalist on Dec 23, 2015.
             Was an Initiate of Okawaru.
             Slain by a troll (8 damage)
             ... on level 8 of the Dungeon.
             The game lasted 00:23:36 (2305 turns).

Jmtri7 the Chiller (Deep Elf Ice Elementalist)      Turns: 2305, Time: 00:23:36

HP:   -4/23 (25)    AC:  4    Str:  5    XL:     4   Next: 38%
MP:   11/11         EV: 15    Int: 21    God:    Okawaru [......]
Gold: 164           SH:  0    Dex: 15    Spells: 1 memorised, 9 levels left

rFire  + . .     SeeInvis .     i - +3 short sword (drain)
rCold  . . .     Gourm    .     q - +0 robe
rNeg   . . .     Faith    .     (no shield)
rPois  .         Spirit   .     (no helmet)
rElec  .         Dismiss  .     k - +0 cloak
rCorr  .         Reflect  .     h - +0 pair of gloves
SustAt .         Harm     .     (no boots)
MR     .....                    (no amulet)
Stlth  +++.......               p - +2 ring of evasion
                                d - ring of protection from fire (curse)

@: not resistant to hostile enchantments, fairly stealthy
A: no striking features
a: Renounce Religion


You were on level 8 of the Dungeon.
You worshipped Okawaru.
Okawaru was noncommittal.
You were not hungry.

You visited 1 branch of the dungeon, and saw 6 of its levels.

You collected 164 gold pieces.

Inventory:

Hand Weapons
 i - a +3 short sword of draining (weapon)
 x - a +0 short sword of speed
Missiles
 j - 4 needles of paralysis
 n - 74 arrows
 r - 22 bolts
 w - 8 poisoned needles (quivered)
Armour
 h - a +0 pair of gloves (worn)
 k - a +0 cloak (worn)
 q - a +0 robe (worn)
Jewellery
 d - a cursed ring of protection from fire (left hand)
 p - a +2 ring of evasion (right hand)
Scrolls
 e - 3 scrolls of random uselessness {unknown}
 f - 3 scrolls of fog {unknown}
 m - 2 scrolls of remove curse {unknown}
 o - a scroll of recharging {unknown}
 s - 3 scrolls of identify {unknown}
 y - 2 scrolls of enchant weapon {unknown}
 A - a scroll of blinking {unknown}
Potions
 a - a potion of lignification {unknown}
 l - 3 potions of might {unknown}
 t - a potion of curing {unknown}
 u - a potion of resistance {unknown}
 z - a potion of invisibility {unknown}
 C - a potion of agility {unknown}
Books
 b - a book of Frost

   Spells                             Type                      Level
   a - Freeze                         Ice                          1
   b - Throw Frost                    Conjuration/Ice              2
   c - Ozocubu's Armour               Charms/Ice                   3
   d - Throw Icicle                   Conjuration/Ice              4
   e - Summon Ice Beast               Ice/Summoning                4
   f - Condensation Shield            Ice                          4
Comestibles
 c - 2 bread rations
 g - 4 slices of pizza
 v - 2 meat rations


   Skills:
 + Level 1.1 Fighting
 + Level 1.2 Short Blades
 - Level 2.8 Dodging
 + Level 3.7 Stealth
 - Level 3.7 Spellcasting
   Level 1.1 Conjurations
 - Level 3.8 Ice Magic


You had 9 spell levels left.
You knew the following spells:

 Your Spells              Type           Power        Failure   Level  Hunger
a - Freeze                Ice            ###.         2%          1    None


Dungeon Overview and Level Annotations

Branches:
Dungeon (7/15)
 Temple: D:4-7

Altars:
Makhleb
Okawaru


Message History

The orc wizard closely misses you.
You hit the orc wizard. You drain the orc wizard!
The orc wizard is almost dead.
The orc wizard mumbles some strange words.
The orc wizard flickers and vanishes!
Deactivating autopickup; reactivate with Ctrl-A.
You hear some strange, mumbled words.
A puff of flame appears from out of thin air!
The puff of flame hits you! You resist.
A troll comes into view.
Tossing away (i - inventory):
w - 9 poisoned needles (quivered)
Press: ? - help, Shift-Dir - straight line, f - troll
Aim: a troll You toss away a poisoned needle.
The poisoned needle hits the troll!
Something hits you but does no damage.
You barely miss the troll. The troll bites you!
Ouch! That really hurt!
* * * LOW HITPOINT WARNING * * *
The troll claws you!
You die...

.## .#... .. ...
.#... #.
..#......
#?###.#....<
#o.(..#..[# #
..#(....# #
#$###.#{....# .#
#.....#T@...##..>
#..([...#...# #
#.........# #
....#.......###
....(.......#
......##....#
#######.....#
###..#...#
#...##...#


You could see a troll.

Vanquished Creatures
  A centaur zombie (D:8)
  A jelly (D:8)
  A worm (D:2)
  2 giant geckos (D:1)
  An orc (D:3)
  7 bats
  A giant cockroach (D:2)
  A hobgoblin (D:2)
  4 goblins (D:1)
  7 kobolds
  3 rats
29 creatures vanquished.

Notes
Turn   | Place    | Note
--------------------------------------------------------------
     0 | D:1      | Jmtri7 the Deep Elf Ice Elementalist began the quest for the Orb.
     0 | D:1      | Reached XP level 1. HP: 10/10 MP: 6/6
   190 | D:1      | Reached XP level 2. HP: 15/15 MP: 4/8
  1339 | D:2      | Found a burning altar of Makhleb.
  1643 | D:3      | Reached XP level 3. HP: 19/19 MP: 10/10
  1789 | D:3      | You fall through a shaft for 3 floors!
  1795 | D:6      | Noticed a necrophage
  2015 | D:7      | Found an iron altar of Okawaru.
  2030 | D:7      | Became a worshipper of Warmaster Okawaru
  2054 | D:7      | You fall through a shaft!
  2190 | D:8      | Reached skill level 1 in Fighting
  2190 | D:8      | Reached skill level 1 in Short Blades
  2190 | D:8      | Reached XP level 4. HP: 16/23 MP: 11/11
  2304 | D:8      | Noticed a troll
  2305 | D:8      | Slain by a troll

Vault maps used:
D:1:      dpeg_arrival_renting, serial_park_tiny_2
D:2:      lightli_temple_of_fire
D:3:      marbit_many_paths, first_bread
D:6:      kennysheep_mini_moat, temple_pool_b
D:7:      grunt_livestock, okawaru_trees_1
D:8:      hangedman_cross_stitches

Action                   |  1- 3 |  4- 6 || total
-------------------------+-------+-------++-------
Melee: Unarmed           |     1 |       ||     1
       Short sword       |    31 |     4 ||    35
 Cast: Freeze            |    35 |       ||    35
 Stab: Sleeping          |     4 |       ||     4
  Eat: Bread ration      |     1 |       ||     1
